 Dungeon Crawl Stone Soup version 0.20.0-8-g6b59dc7 (webtiles) character file.

49319 Jannitor the Fighter (level 14, -3/135 HPs)
             Began as a Naga Fighter on May 30, 2017.
             Was the Champion of Cheibriados.
             Slain by a catoblepas (5 damage)
             ... on level 6 of the Lair of Beasts.
             The game lasted 00:47:46 (20534 turns).

Jannitor the Fighter (Naga Fighter)                Turns: 20534, Time: 00:47:49

Health: -3/135     AC: 18    Str: 38    XL:     14   Next: 50%
Magic:  21/21      EV: 11    Int: 30    God:    Cheibriados [******]
Gold:   1008       SH: 16    Dex: 21    Spells: 18/20 levels left

rFire    . . .     SeeInvis +   A - +3 morningstar (protect)
rCold    . . .     Gourm    .   O - +2 shield
rNeg     + . .     Faith    .   b - +0 scale mail
rPois    +         Spirit   .   E - +0 helmet
rElec    +         Reflect  .   t - scarf of Avaesas {MR+ Int+5 Dex-4}
rCorr    .         Harm     .   (no gloves)
MR       +++..                  l - +2 naga barding {Fly}
Stlth    +++.......             (no amulet)
Regen    0.4/turn               G - ring of positive energy
MPRegen  0.2/turn               P - ring of protection from magic

@: flying, slowed, studying Air Magic, very slow
A: stinger 1, see invisible, deformed body, poison resistance, electricity
resistance, slowness 2, slow metabolism 1, spit poison 1, wild magic 1,
constrict 1, AC +4
a: Spit Poison, Bend Time, Temporal Distortion, Slouch, Step From Time, Renounce
Religion, Stop Flying


You were on level 6 of the Lair of Beasts.
You worshipped Cheibriados.
Cheibriados was exalted by your worship.
You were not hungry.

You visited 3 branches of the dungeon, and saw 17 of its levels.
You also visited: Labyrinth.

You collected 1008 gold pieces.

Inventory:

Hand Weapons
 A - a +3 morningstar of protection (weapon)
 R - the +10 hand crossbow "Ataoshrau" {elec, Int+2}
   (You took it off a minotaur in a labyrinth)

   It charges the ammunition it shoots with electricity; occasionally upon a
   hit, such missiles may discharge and cause terrible harm.
   It affects your intelligence (+2).
 S - a +0 morningstar
Missiles
 J - 128 arrows
 M - 58 bolts
Armour
 b - a +0 scale mail (worn)
 l - a +2 naga barding of flying (worn)
 t - the scarf of Avaesas (worn) {MR+ Int+5 Dex-4}
   (You found it on level 4 of the Lair of Beasts)

   It affects your intelligence (+5).
   It affects your dexterity (-4).
   It affects your resistance to hostile enchantments.
 E - a +0 helmet (worn)
 O - a +2 shield (worn)
Jewellery
 G - a ring of positive energy (left hand)
 P - a ring of protection from magic (right hand)
Wands
 a - a wand of polymorph (4/24)
 v - a wand of scattershot (3/9)
 y - a wand of confusion (40/48)
 z - a wand of paralysis (12/24)
 F - a wand of polymorph (15/24)
 Z - a wand of iceblast (9/15)
Scrolls
 e - 2 scrolls of blinking
 h - 2 scrolls of enchant weapon
 j - a scroll of teleportation
 k - 6 scrolls of identify
 m - 3 scrolls of fear
 o - 2 scrolls of amnesia
 q - 7 scrolls of remove curse
 x - 3 scrolls of enchant armour
 B - 2 scrolls of magic mapping
 D - a scroll of torment {unknown}
 L - 4 scrolls of immolation {unknown}
Potions
 n - a potion of resistance
 w - 7 potions of curing
 C - 3 potions of agility
 H - 2 potions of brilliance
 I - 3 potions of magic
 K - 2 potions of invisibility
 T - a potion of mutation
 U - 3 potions of flight
Books
 g - a book of Callings

   Spells                             Type                      Level
   a - Summon Small Mammal            Summoning                    1
   b - Call Imp                       Summoning                    2
   c - Call Canine Familiar           Summoning                    3
   d - Summon Guardian Golem          Hexes/Summoning              3
   e - Summon Lightning Spire         Summoning/Air                4
   f - Summon Ice Beast               Ice/Summoning                4
 i - a book of Misfortune

   Spells                             Type                      Level
   a - Confusing Touch                Hexes                        1
   b - Confuse                        Hexes                        3
   c - Gell's Gravitas                Translocation                3
   d - Petrify                        Transmutation/Earth          4
   e - Metabolic Englaciation         Hexes/Ice                    5
   f - Yara's Violent Unravelling     Hexes/Transmutation          5
 N - a book of Flames

   Spells                             Type                      Level
   a - Flame Tongue                   Conjuration/Fire             1
   b - Throw Flame                    Conjuration/Fire             2
   c - Conjure Flame                  Conjuration/Fire             3
   d - Inner Flame                    Hexes/Fire                   3
   e - Sticky Flame                   Conjuration/Fire             4
   f - Fireball                       Conjuration/Fire             5
 V - a manual of Air Magic
 W - A Thorough Guide to the Arcane Arts
   (You found it in a labyrinth)

   Spells                             Type                      Level
   a - Shatter                        Earth                        9
 X - a Fen Folio

   Spells                             Type                      Level
   a - Corpse Rot                     Necromancy                   2
   b - Stone Arrow                    Conjuration/Earth            3
   c - Leda's Liquefaction            Hexes/Earth                  4
   d - Summon Forest                  Summoning/Translocation      5
   e - Hydra Form                     Transmutation                6
   f - Summon Hydra                   Summoning                    7
 Y - a book of Beasts

   Spells                             Type                      Level
   a - Summon Butterflies             Summoning                    1
   b - Call Canine Familiar           Summoning                    3
   c - Summon Ice Beast               Ice/Summoning                4
   d - Summon Mana Viper              Hexes/Summoning              5
   e - Summon Hydra                   Summoning                    7
Miscellaneous
 Q - a phial of floods
Comestibles
 d - 7 meat rations
 f - 13 bread rations
 p - 12 fruits
 r - 18 royal jellies


   Skills:
 + Level 11.4 Fighting
 + Level 11.1 Maces & Flails
 + Level 8.5 Armour
 + Level 5.6 Dodging
 - Level 8.8 Stealth
 + Level 9.7 Shields
 + Level 3.6 Spellcasting
 + Level 10.1 Invocations


You had 18 spell levels left.
You knew the following spells:

 Your Spells              Type           Power        Failure   Level  Hunger
a - Corpse Rot            Necr           N/A          24%         2    None


Dungeon Overview and Level Annotations

Branches:
Dungeon (10/15)            Temple (1/1) D:5            Lair (6/6) D:9
  Swamp (0/4) Lair:2        Snake (0/4) Lair:2        Slime (0/5) Lair:5
    Orc: D:9-12

Altars:
Ashenzari
Cheibriados
Dithmenos
Elyvilon
Fedhas
Gozag
Hepliaklqana
Kikubaaqudgha
Makhleb
Nemelex Xobeh
Okawaru
Qazlal
Ru
Sif Muna
Trog
Uskayaw
Vehumet
Xom
Yredelemnul
Zin
The Shining One
Beogh


Innate Abilities, Weirdness & Mutations

You cannot wear boots.
Your serpentine skin is tough. (AC +4)
You have supernaturally acute eyesight. (SInv)
Armour fits poorly on your strangely shaped body.
Your system is resistant to poisons. (rPois)
You cover ground very slowly.
You have a slow metabolism.
You can spit poison.
You can use your snake-like lower body to constrict enemies.
Your tail ends in a poisonous barb.
You are resistant to electric shocks. (rElec)
Your spells are a little harder to cast, but a little more powerful.


Message History

The rime drake is engulfed in calcifying dust.
You block the catoblepas's attack. The death yak gores you!
* * * LOW HITPOINT WARNING * * *
The rime drake is engulfed in calcifying dust.
The catoblepas gores you!!
* * * LOW HITPOINT WARNING * * *
You block the torpor snail's attack. The death yak gores you.
* * * LOW HITPOINT WARNING * * *
The rime drake is engulfed in calcifying dust.
The catoblepas breathes a plume of calcifying dust at you.
The blast of calcifying dust hits you!
The death yak gores you but does no damage.
The torpor snail closely misses you.
You fail to use your ability.
You are engulfed in calcifying dust.
You block the catoblepas's attack. The death yak gores you.
* * * LOW HITPOINT WARNING * * *
The torpor snail bites you.
* * * LOW HITPOINT WARNING * * *
The catoblepas gores you.
You die...

........#....######## ####.P.##
PP.P...#.#...###...P#####.......P
#PP#P.#.##..###......##.......÷÷.
#######....###....$.##.....#####.
###....###....k$=##.....# ..
##......##..#...$.##.....# #.
###..PP..####..F########...# .
.....##### #P.#YY##...#...### ###
..#.## #...k@##...#.#..P###..
##### ##.§w..#...#.....##...
#.§..§.#.#.#....## #.
####.§...÷÷...#.# #
##.......P#.## # ####.P.#####
#####


You could see a death yak, a catoblepas, a torpor snail, a spiny frog and a rime
drake (petrified).

Vanquished Creatures
  A minotaur (Lab)
  9 hydras
  2 catoblepae
  The ghost of Jannitor the Basher, a journeyman GrFi of Zin (Lair:1)
  6 death yaks
  A lindwurm (Lair:6)
  The ghost of RKaid the Basher, a novice GrBe of Trog (D:6)
  13 elephants
  8 black mambas
  Joseph (D:7)
  17 spiny frogs
  4 gargoyles (Lab)
  2 komodo dragons
  3 rime drakes
  3 meliai (Lair:5)
  A troll (D:9)
  A queen bee (Lair:5)
  A polar bear (Lair:6)
  Grinder (D:3)
  11 blink frogs
  10 hippogriffs
  2 dream sheep (Lair:6)
  Sigmund (D:2)
  A wyvern (D:9)
  23 yaks
  4 basilisks
  A hungry ghost (D:9)
  Edmund (D:5)
  A swamp worm (Lair:2)
  12 water moccasins
  Menkaure (D:5)
  4 nagas (Lair:2)
  The ghost of 2d6 the Conjurer, an amateur KoCj (D:4)
  Duvessa (D:7)
  3 orc warriors
  12 porcupines
  A black bear (Lair:2)
  4 ice beasts
  A necrophage (D:9)
  The ghost of Ashiichan the Shooter, an amateur CeHu (D:3)
  A phantom (D:5)
  16 wolves
  4 ogres
  2 centaurs
  14 crocodiles
  A big kobold (D:8)
  9 bullfrogs
  Dowan (D:7)
  A wyvern skeleton (D:8)
  7 scorpions
  17 killer bees
  4 wights (D:10)
  3 howler monkeys
  4 electric eels (D:10)
  3 bullfrog zombies
  7 crimson imps
  2 quasits
  6 hounds
  2 centaur zombies
  5 jellies
  A gnoll shaman (D:6)
  11 orc priests
  5 bullfrog skeletons
  9 orc wizards
  4 iguanas
  Ijyb (D:5)
  5 worker ants
  A killer bee zombie (D:10)
  A hound zombie (D:10)
  A hound skeleton (D:10)
  2 howler monkey zombies
  11 gnolls
  11 adders
  5 shadow imps
  5 oozes
  2 adder zombies
  2 adder skeletons
  6 worms
  4 dart slugs
  10 leopard geckos
  57 orcs
  2 ball pythons (D:3)
  7 giant cockroaches
  8 goblins
  9 hobgoblins
  3 jackals (D:8)
  4 quokkas
  9 bats
  7 frilled lizards
  14 kobolds
  A quokka skeleton (D:9)
  7 rats
506 creatures vanquished.

Vanquished Creatures (others)
  4 bushes (D:9)
  11 fungi
  23 plants
38 creatures vanquished.

Grand Total: 544 creatures vanquished

Notes
Turn   | Place    | Note
-------+----------+-------------------------------------------
     0 | D:1      | Jannitor the Naga Fighter began the quest for the Orb.
     0 | D:1      | Reached XP level 1. HP: 21/21 MP: 1/1
   367 | D:1      | Reached XP level 2. HP: 26/28 MP: 2/2
   568 | D:1      | You fall through a shaft!
   723 | D:1      | Reached XP level 3. HP: 32/34 MP: 3/3
  1459 | D:2      | Reached XP level 4. HP: 26/43 MP: 4/4
  1632 | D:2      | Noticed Sigmund
  1644 | D:2      | Killed Sigmund
  1644 | D:2      | Reached XP level 5. HP: 28/50 MP: 5/5
  1956 | D:2      | Reached XP level 6. HP: 56/57 MP: 6/6
  2211 | D:3      | Noticed Grinder
  2256 | D:3      | Killed Grinder
  2256 | D:3      | Reached XP level 7. HP: 41/66 MP: 7/7
  2525 | D:3      | Noticed Ashiichan's ghost (amateur CeHu)
  2544 | D:3      | Killed Ashiichan's ghost
  2676 | D:3      | Reached skill level 5 in Fighting
  3471 | D:4      | Reached XP level 8. HP: 56/74 MP: 8/8
  3570 | D:4      | Noticed 2d6's ghost (amateur KoCj)
  3801 | D:4      | Reached skill level 5 in Maces & Flails
  3873 | D:4      | Killed 2d6's ghost
  4551 | D:5      | Entered Level 5 of the Dungeon
  4685 | D:5      | Noticed Ijyb
  4705 | D:5      | Killed Ijyb
  4969 | D:5      | Found a staircase to the Ecumenical Temple.
  5070 | Temple   | Entered the Ecumenical Temple
  5092 | Temple   | Became a worshipper of Cheibriados the Contemplative
  5346 | D:5      | Noticed Menkaure
  5352 | D:5      | Reached skill level 5 in Armour
  5360 | D:5      | Killed Menkaure
  5360 | D:5      | Reached skill level 5 in Shields
  5372 | D:5      | Reached XP level 9. HP: 25/85 MP: 9/9
  5683 | D:4      | Reached skill level 1 in Invocations
  6099 | D:5      | Noticed Edmund
  6108 | D:5      | Reached * piety under Cheibriados
  6138 | D:5      | Killed Edmund
  6138 | D:5      | Reached skill level 1 in Stealth
  6409 | D:6      | Noticed RKaid's ghost (novice GrBe)
  6770 | D:6      | Reached ** piety under Cheibriados
  6827 | D:6      | Killed RKaid's ghost
  7498 | D:7      | Noticed Duvessa
  7500 | D:7      | Noticed Dowan
  7513 | D:7      | Killed Duvessa
  7523 | D:7      | Killed Dowan
  8001 | D:7      | Noticed Joseph
  8015 | D:7      | Killed Joseph
  8015 | D:7      | Reached skill level 5 in Stealth
  8015 | D:7      | Reached XP level 10. HP: 70/94 MP: 9/12
  8734 | D:8      | Reached *** piety under Cheibriados
  9677 | D:9      | Reached **** piety under Cheibriados
  9741 | D:9      | Gained mutation: Your spells are a little harder to cast, but a little more powerful. [potion of mutation]
  9741 | D:9      | Gained mutation: You are resistant to electric shocks. (rElec) [potion of mutation]
  9741 | D:9      | Gained mutation: Your tail ends in a poisonous barb. [potion of mutation]
  9982 | D:9      | Reached skill level 5 in Invocations
  9994 | D:9      | Reached XP level 11. HP: 58/104 MP: 14/14
 10211 | D:9      | Found a staircase to the Lair.
 10262 | D:9      | Reached ***** piety under Cheibriados
 10365 | D:10     | Entered Level 10 of the Dungeon
 10860 | D:10     | Found Posoah's Food Shoppe.
 11045 | D:10     | Found a shadowy altar of Dithmenos.
 11489 | D:10     | Found a roughly hewn altar of Beogh.
 12059 | Lair:1   | Entered Level 1 of the Lair of Beasts
 12168 | Lair:1   | Reached ****** piety under Cheibriados
 12261 | Lair:1   | Noticed Jannitor's ghost (journeyman GrFi)
 12285 | Lair:1   | Killed Jannitor's ghost
 13055 | Lair:2   | Noticed a four-headed hydra
 13067 | Lair:2   | Killed a four-headed hydra
 13120 | Lair:2   | Found a labyrinth entrance.
 13129 | Lab      | Entered a labyrinth
 13151 | Lab      | Reached XP level 12. HP: 31/114 MP: 16/16
 13585 | Lab      | Noticed a minotaur
 13591 | Lab      | Killed a minotaur
 13591 | Lab      | Reached skill level 1 in Dodging
 13597 | Lab      | Got an ancient hand crossbow
 13600 | Lab      | Identified A Thorough Guide to the Arcane Arts
 13602 | Lab      | Identified the +10 hand crossbow "Ataoshrau" {elec, Int+2} (You took it off a minotaur in a labyrinth)
 13815 | Lair:2   | Found a staircase to the Swamp.
 13931 | Lair:2   | Found a staircase to the Snake Pit.
 14158 | Lair:2   | Noticed a death yak
 14160 | Lair:2   | Noticed a death yak
 14160 | Lair:2   | Noticed a death yak
 14160 | Lair:2   | Noticed a death yak
 14171 | Lair:1   | Killed a death yak
 14300 | Lair:1   | Killed a death yak
 14541 | Lair:3   | Noticed a four-headed hydra
 14547 | Lair:3   | Killed a four-headed hydra
 14587 | Lair:2   | Killed a death yak
 14721 | Lair:2   | Killed a death yak
 14721 | Lair:2   | Reached skill level 10 in Fighting
 15324 | Lair:3   | Reached skill level 10 in Maces & Flails
 15351 | Lair:3   | Gained mutation: You can use your snake-like lower body to constrict enemies. [Naga growth]
 15351 | Lair:3   | Reached XP level 13. HP: 63/123 MP: 19/19
 16272 | Lair:4   | Got a wavering lead ring
 16395 | Lair:4   | Identified the cursed ring "Sovvon" {rElec Int-3 Dex+3} (You found it on level 4 of the Lair of Beasts)
 16857 | Lair:4   | Got a heavily runed scarf
 16858 | Lair:4   | Identified the scarf of Avaesas {MR+ Int+5 Dex-4} (You found it on level 4 of the Lair of Beasts)
 16882 | Lair:4   | Learned a level 2 spell: Corpse Rot
 17120 | Lair:5   | Found a staircase to the Slime Pits.
 17191 | Lair:5   | Reached skill level 1 in Spellcasting
 18317 | Lair:5   | Reached skill level 5 in Dodging
 18725 | Lair:5   | Reached XP level 14. HP: 64/135 MP: 19/21
 18931 | Lair:6   | Entered Level 6 of the Lair of Beasts
 19781 | Lair:6   | Identified a scroll of acquirement
 20003 | Lair:6   | Reached skill level 10 in Invocations
 20534 | Lair:6   | HP: 6/135 [death yak (5)]
 20534 | Lair:6   | HP: 2/135 [torpor snail (4)]
 20534 | Lair:6   | Slain by a catoblepas

Skill      XL: |  1  2  3  4  5  6  7  8  9 10 11 12 13 14 |
---------------+-------------------------------------------+-----
Maces & Flails | 3 4 6 7 9 10 11 | 11.1
Fighting       | 4 5 6 7 8 9 10 11 | 11.4
Armour         | 3 4 5 6 7 8 |  8.5
Shields        | 3 4 5 6 7 8 9 |  9.7
Invocations    | 3 5 6 8 9 10 | 10.1
Stealth        | 5 6 8 |  8.8
Dodging        | 3 5 |  5.6
Spellcasting   | 2 3 |  3.6

Action                   |  1- 3 |  4- 6 |  7- 9 | 10-12 | 13-15 || total
-------------------------+-------+-------+-------+-------+-------++-------
Melee: Flail             |   118 |   118 |   451 |       |       ||   687
       Morningstar       |       |       |   143 |   670 |   350 ||  1163
       Tailslap          |       |       |       |   153 |   121 ||   274
       Constrict         |       |       |       |       |    70 ||    70
 Cast: Corpse Rot        |       |       |       |       |     2 ||     2
Invok: Bend Time         |       |       |     4 |     9 |     7 ||    20
       Slouch            |       |       |       |     2 |     2 ||     4
       Temporal Distorti |       |       |       |     1 |       ||     1
       Step From Time    |       |       |       |       |     1 ||     1
 Abil: Spit Poison       |     2 |     1 |    15 |     8 |     1 ||    27
Evoke: Wand              |       |       |     1 |       |       ||     1
  Use: Potion            |       |     3 |     6 |     5 |     3 ||    17
       Scroll            |       |       |     2 |    15 |     6 ||    23
 Stab: Paralysed         |       |       |     2 |       |       ||     2
       Sleeping          |       |       |     1 |     7 |     7 ||    15
       Invisible         |       |       |       |     2 |       ||     2
       Distracted        |       |       |       |       |     1 ||     1
       Petrified         |       |       |       |       |     1 ||     1
  Eat: Chunk             |     1 |     2 |    11 |    15 |     9 ||    38
       Bread ration      |       |       |     1 |       |       ||     1
       Fruit             |       |       |       |     1 |       ||     1
       Meat ration       |       |       |       |     1 |       ||     1
Armor: Scale mail        |    50 |    95 |   221 |   273 |   218 ||   857
       Skin              |       |       |    12 |       |       ||    12
Dodge: Dodged            |    36 |    40 |   123 |   189 |   182 ||   570
Block: Shield            |    61 |    74 |   265 |   466 |   395 ||  1261
